 Dungeon Crawl Stone Soup version 0.27.1-4-g1640c2035a (webtiles) character file.

Game seed: 10028073026202561159

16159 Fulminus the Geomancer (level 12, -1/69 HPs)
             Began as a Gargoyle Earth Elementalist on Nov 14, 2021.
             Was a Priest of Vehumet.
             Slain by a sun demon (8 damage)
             ... summoned by an orc sorcerer
             ... while paralysed by an orc sorcerer
             ... on level 2 of the Orcish Mines on Nov 15, 2021.
             The game lasted 00:59:26 (14571 turns).

Fulminus the Geomancer (GrEE)                      Turns: 14571, Time: 00:59:27

Health: -1/69      AC: 18    Str: 12    XL:     12   Next: 34%
Magic:  15/31      EV:  2    Int: 21    God:    Vehumet [***...]
Gold:   1303       SH:  0    Dex: 10    Spells: 15/24 levels left

rFire    + . .     SeeInvis .   l - +2 whip (drain)
rCold    . . .     Faith    .   (no shield)
rNeg     + . .     Spirit   .   w - +0 steam dragon scales
rPois    ∞         Reflect  .   (no helmet)
rElec    +         Harm     .   K - +0 cloak
rCorr    .         Rampage  .   (no gloves)
Will     .....                  d - +1 pair of boots
Stlth    ++........             j - amulet of regeneration
HPRegen  1.21/turn              t - ring of protection from fire
MPRegen  0.22/turn              D - ring of magical power

@: paralysed, about to teleport
A: sickness immunity, AC +8, negative energy resistance 1, electricity
resistance, torment resistance 1, petrification resistance
a: Renounce Religion


You were on level 2 of the Orcish Mines.
You worshipped Vehumet.
Vehumet was most pleased with you.
You visited 3 branches of the dungeon, and saw 12 of its levels.

You collected 1303 gold pieces.

Inventory:

Hand Weapons
 l - a +2 whip of draining (weapon)
 G - a +0 whip of flaming
Missiles
 c - 48 stones
 f - 2 throwing nets
Armour
 d - a +1 pair of boots (worn)
 w - +0 steam dragon scales (worn)
 K - a +0 cloak (worn)
Jewellery
 b - an amulet of the acrobat
 j - an amulet of regeneration (around neck)
 s - a +4 ring of slaying
 t - a ring of protection from fire (left hand)
 D - a ring of magical power (right hand)
 H - a ring of wizardry
Wands
 v - a wand of flame (57)
 J - a wand of paralysis (9)
Scrolls
 h - a scroll of vulnerability
 k - a scroll of amnesia
 m - a scroll of teleportation
 y - a scroll of magic mapping {unknown}
 I - a scroll of enchant weapon {unknown}
 L - a scroll of enchant armour {unknown}
Potions
 a - 2 potions of invisibility {unknown}
 i - 2 potions of curing
 q - 2 potions of attraction {unknown}
 r - a potion of resistance {unknown}
 z - a potion of mutation {unknown}
 A - a potion of flight
 B - a potion of cancellation {unknown}
 C - a potion of lignification {unknown}
 E - a potion of berserk rage {unknown}
 F - a potion of degeneration {unknown}


   Skills:
 + Level 5.7 Fighting
 - Level 4.0 Armour
 + Level 4.7 Dodging
 - Level 2.1 Stealth
 * Level 6.8 Spellcasting
 - Level 6.1 Conjurations
 - Level 0.7 Transmutations
 + Level 8.3 Fire Magic
 + Level 6.1 Air Magic
 + Level 11.5 Earth Magic
 + Level 4.7 Evocations


You had 15 spell levels left.
You knew the following spells:

 Your Spells              Type           Power      Damage    Failure   Level
a - Sandblast             Erth           100%       2d20      1%          1
b - Stone Arrow           Conj/Erth      88%        3d12      1%          3
c - Airstrike             Air            16%        N/A       1%          4
d - Foxfire               Conj/Fire      100%       2x1d9     1%          1

Your spell library contained the following spells:

 Spells                   Type           Power      Damage    Failure   Level
 Hailstorm                Conj/Ice       20%        3d6       7%          4
 Passwall                 Tmut/Erth      26%        N/A       1%          2
 Lightning Bolt           Conj/Air       16%        1d30      5%          5
 Petrify                  Tmut/Erth      32%        N/A       8%          4
 Summon Lightning Spire   Summ/Air       20%        N/A       26%         4


Dungeon Overview and Level Annotations

Branches:
Dungeon (9/15)             Temple (1/1) D:7             Orc (2/2) D:9
   Lair: D:8-11         Elf: Orc:2

Altars:
Cheibriados
Dithmenos
Elyvilon
Fedhas
Gozag
Hepliaklqana
Kikubaaqudgha
Makhleb
Nemelex Xobeh
Qazlal
Ru
Sif Muna
Trog
Vehumet
Xom
Zin
The Shining One
Beogh

Shops:
D:6 (   D:8 (   D:9 *

Annotations:
D:7 2 transporters


Innate Abilities, Weirdness & Mutations

You are immune to sickness and miasma.
Your stone body is resilient. (AC +8)
You are immune to poison.
You resist negative energy. (rN+)
You are resistant to electric shocks. (rElec)
You are resistant to unholy torment.
You are immune to petrification.


Message History

Casting: Stone Arrow (safe; 1% risk of failure)
Confirm with . or Enter, or press ? or * to list all spells.
Aiming: Stone Arrow (safe; 1% risk of failure)
Press: ? - help, Shift-Dir - straight line, f/p - orc sorcerer
Aim: an orc sorcerer, wielding a +0 dagger and wearing a +1 robe of cold resistance (almost dead, 70% to hit)
The stone arrow misses the orc sorcerer.
The stone arrow hits the orange demon!!
The orange demon is almost dead.
The sun demon hits you!
You are engulfed in flames.
You resist.
Casting: Stone Arrow (safe; 1% risk of failure)
Confirm with . or Enter, or press ? or * to list all spells.
Aiming: Stone Arrow (safe; 1% risk of failure)
Press: ? - help, Shift-Dir - straight line, f/p - orc sorcerer
Aim: an orc sorcerer, wielding a +0 dagger and wearing a +1 robe of cold resistance (almost dead, 70% to hit)
The stone arrow misses the orc sorcerer.
The stone arrow hits the chaos spawn!
The chaos spawn is heavily wounded.
The sun demon hits you!
* * * LOW HITPOINT WARNING * * *
You are engulfed in flames!
You resist.
* * * LOW HITPOINT WARNING * * *
The orc sorcerer hits you but does no damage.
The sun demon hits you but does no damage.
What are your orders? t - Shout!
Orders for allies: a - Attack new target. p - Attack previous target. r - Retreat! s - Stop attacking. g - Guard the area. f - Follow me.
Anything else - Cancel.
Okay, then.
As you read the scroll of teleportation, it crumbles to dust.
You feel strangely unstable. The orc sorcerer casts a spell at you.
The bolt of fire misses you. The sun demon barely misses you.
The orc sorcerer points at you and mumbles some strange words.
You suddenly lose the ability to move!
The sun demon hits you.
* * * LOW HITPOINT WARNING * * *
You are engulfed in flames!
You resist.
You die...

....................##......# ###
.................#..#......####.#
.........................#####...
.................##....#####.##..
.............5[o##.....## #......
.............4.#....#...# ##.#...
............o..35....#.## ####...
.............45o3[..#### #......
...............o@[[#.## ####.)...
.......)..)[..[[.)[[..# #.#......
##################..[####.......#
#...(...[......# ###.....[.......
###..)........ #####.......
#.#..)... ###..[...


You could see an orc high priest, a sun demon (summoned), an orange demon
(summoned), a ynoxinul (summoned), a chaos spawn (summoned), an orc sorcerer, 2
orc priests and 3 ufetubi.

Vanquished Creatures
  2 ogre magi (Orc:2)
  3 two-headed ogres
  A deep troll (Orc:1)
  Pikel (D:7)
  2 orc knights
  4 orc sorcerers (Orc:2)
  Maurice (D:8)
  Joseph (D:8)
  Maggie (D:9)
  5 trolls
  Eustachio (D:6)
  A steam dragon (D:6)
  4 wargs
  An acid dragon (D:9)
  A water moccasin (D:6)
  25 orc warriors
  2 black bears
  A sky beast (D:7)
  9 ogres
  3 lemures
  5 centaurs
  A bullfrog (D:6)
  A wyvern zombie (D:6)
  6 scorpions
  2 water moccasin skeletons
  2 howler monkeys (D:9)
  7 wights
  2 centaur zombies
  3 gnoll shamans
  A jelly (D:3)
  A bullfrog skeleton (D:6)
  A hound (D:4)
  19 orc priests
  A centaur skeleton (D:5)
  Natasha (thrice) (D:2)
  22 orc wizards
  2 hound skeletons
  6 adders
  14 gnolls
  A shadow imp (D:5)
  An adder skeleton (D:4)
  A worm (D:2)
  4 dart slugs
  71 orcs
  15 endoplasms
  6 giant cockroaches
  7 goblins
  3 hobgoblins
  2 jackals (D:2)
  8 kobolds
  2 quokkas
  7 ball pythons
  3 bats
  6 frilled lizards
  7 rats
312 creatures vanquished.

Vanquished Creatures (others)
  33 foxfires
33 creatures vanquished.

Grand Total: 345 creatures vanquished

Notes
Turn   | Place    | Note
-------+----------+-------------------------------------------
     0 | D:1      | Fulminus the Gargoyle Earth Elementalist began the quest
                  | for the Orb.
     0 | D:1      | Reached XP level 1. HP: 10/10 MP: 3/3
   236 | D:1      | Reached skill level 4 in Earth Magic
   236 | D:1      | Reached XP level 2. HP: 15/15 MP: 5/5
   981 | D:1      | Reached XP level 3. HP: 18/19 MP: 3/6
   985 | D:1      | Learned a level 3 spell: Stone Arrow
  1497 | D:2      | Reached skill level 5 in Earth Magic
  1498 | D:2      | Reached skill level 1 in Conjurations
  1498 | D:2      | Reached XP level 4. HP: 20/24 MP: 3/7
  1576 | D:2      | Noticed Natasha
  1581 | D:2      | Killed Natasha
  1719 | D:2      | Noticed Natasha
  1726 | D:2      | Killed Natasha
  1727 | D:2      | Reached XP level 5. HP: 19/28 MP: 2/9
  2009 | D:2      | Noticed Natasha
  2015 | D:2      | Killed Natasha
  2524 | D:3      | Reached skill level 6 in Earth Magic
  2985 | D:3      | Reached XP level 6. HP: 32/32 MP: 10/10
  3694 | D:4      | Identified the +1 helmet of the Sun {*Corrode +Inv Dex+2}
  3853 | D:5      | Entered Level 5 of the Dungeon
  3905 | D:5      | Reached skill level 7 in Earth Magic
  3914 | D:5      | Reached XP level 7. HP: 24/36 MP: 0/12
  4346 | D:5      | Reached skill level 8 in Earth Magic
  5008 | D:5      | Reached XP level 8. HP: 41/41 MP: 10/14
  5563 | D:6      | Reached skill level 1 in Armour
  5590 | D:6      | Reached skill level 1 in Fighting
  5590 | D:6      | Reached skill level 1 in Evocations
  5735 | D:6      | Reached skill level 9 in Earth Magic
  5792 | D:6      | Found Ofoem's Antique Weapon Shoppe.
  5922 | D:6      | Noticed Eustachio
  6587 | D:6      | Killed Eustachio
  6787 | D:6      | Reached skill level 5 in Conjurations
  6787 | D:6      | Reached XP level 9. HP: 48/48 MP: 9/16
  6848 | D:6      | Reached skill level 5 in Spellcasting
  7400 | D:7      | Found a staircase to the Ecumenical Temple.
  7419 | Temple   | Entered the Ecumenical Temple
  7582 | Temple   | Became a worshipper of Vehumet
  7638 | D:7      | Found a transporter.
  7639 | D:7      | Noticed a kobold demonologist
  7664 | D:7      | Noticed a kobold demonologist
  8004 | D:7      | Noticed Pikel
  8010 | D:7      | Killed Pikel
  8011 | D:7      | Reached skill level 10 in Earth Magic
  8121 | D:7      | Found a transporter.
  8295 | D:7      | Found a glowing silver altar of Zin.
  8512 | D:8      | Noticed Maurice
  8560 | D:8      | Noticed a two-headed ogre
  8567 | D:7      | Killed a two-headed ogre
  8568 | D:7      | Reached XP level 10. HP: 48/56 MP: 12/18
  8849 | D:8      | Found Nyntarr's Weapon Shop.
  8874 | D:8      | Learned a level 4 spell: Airstrike
  8935 | D:8      | Noticed a two-headed ogre
  8938 | D:8      | Killed a two-headed ogre
  8939 | D:8      | Reached skill level 1 in Air Magic
  9054 | D:8      | Noticed Joseph
  9061 | D:8      | Killed Joseph
  9400 | D:8      | Noticed a two-headed ogre
  9410 | D:8      | Killed a two-headed ogre
  9411 | D:8      | Reached skill level 11 in Earth Magic
  9673 | D:8      | Killed Maurice
  9674 | D:8      | Reached skill level 5 in Fighting
 10096 | D:9      | Found Qunar's Overcharged Wands.
 10257 | D:9      | Noticed Maggie
 10267 | D:9      | Killed Maggie
 10267 | D:9      | Reached * piety under Vehumet
 10267 | D:9      | Offered knowledge of Foxfire by Vehumet.
 10268 | D:9      | Reached XP level 11. HP: 64/64 MP: 5/20
 10270 | D:9      | Learned a level 1 spell: Foxfire
 10405 | D:9      | Reached skill level 1 in Fire Magic
 10895 | D:9      | Found a staircase to the Orcish Mines.
 11117 | Orc:1    | Entered Level 1 of the Orcish Mines
 11196 | D:9      | Reached ** piety under Vehumet
 11198 | D:9      | Offered knowledge of Shock by Vehumet.
 11445 | Orc:2    | Entered Level 2 of the Orcish Mines
 11860 | Orc:2    | Noticed an orc sorcerer
 11895 | Orc:2    | Killed an orc sorcerer
 11896 | Orc:2    | Reached skill level 5 in Fire Magic
 12029 | Orc:2    | Offered knowledge of Ignite Poison by Vehumet.
 12119 | Orc:2    | Noticed an orc knight
 12119 | Orc:2    | Noticed an orc sorcerer
 12119 | Orc:2    | Noticed an orc high priest
 12124 | Orc:2    | Noticed a deep troll
 12182 | Orc:1    | HP: 3/64 [orc knight (5)]
 12190 | Orc:1    | Killed an orc knight
 12495 | Orc:1    | Killed a deep troll
 12496 | Orc:1    | Reached skill level 5 in Air Magic
 12938 | Orc:2    | Reached *** piety under Vehumet
 12984 | Orc:2    | Noticed an orc knight
 13054 | Orc:2    | Killed an orc knight
 13291 | Orc:2    | Noticed an orc sorcerer
 13436 | Orc:2    | Noticed an ogre mage
 13514 | Orc:2    | Paralysed by an orc sorcerer for 3 turns
 13519 | Orc:2    | Noticed an ogre mage
 13521 | Orc:2    | Killed an orc sorcerer
 13528 | Orc:2    | Killed an ogre mage
 13529 | Orc:2    | Reached XP level 12. HP: 68/68 MP: 12/21
 13643 | Orc:2    | Killed an ogre mage
 13852 | Orc:2    | Offered knowledge of Hailstorm by Vehumet.
 14277 | Orc:1    | Reached **** piety under Vehumet
 14560 | Orc:2    | Noticed an orc high priest
 14563 | Orc:2    | Noticed a sun demon
 14570 | Orc:2    | Paralysed by an orc sorcerer for 4 turns
 14571 | Orc:2    | Slain by a sun demon

Illustrated notes

Levels and vault maps discovered:
D:1:      dpeg_arrival_stone_temple_mockup, layout_basic
D:2:      minmay_skewed_foursquare, layout_loops_ring,
          chequers_serial_rivers_large_a, uniq_natasha
D:3:      layout_rooms, saegor_snake_ambush
D:4:      layout_basic, amcnicky_mini_pool_small, due_unseen_surprise
D:5:      layout_layer_cave, hangedman_decor_slide_cut
D:6:      layout_rooms, serial_shops, shop, kennysheep_generic_room_16,
          uniq_eustachio
D:7:      gammafunk_wand_slinger, layout_loops_ring, lemuel_tele_altar,
          minmay_temple_entry_large_hall, uniq_pikel
D:8:      layout_rooms, serial_shops, nicolae_square_shop, uniq_joseph,
          uniq_maurice
D:9:      layout_basic, david_orc_4, nicolae_shop_overcharged_wands, uniq_maggie
Temple:   eino_temple_scatter_basement
Orc:1:    layout_caves, basic_altar
Orc:2:    st_orc_congregation, layout_diamond_mine, basic_altar,
          guppyfry_orc_lava_fort

Skill      XL: |  1  2  3  4  5  6  7  8  9 10 11 12 |
---------------+-------------------------------------+-----
Earth Magic    | 4 5 6 7 8 9 10 11 | 11.5
Conjurations   | 1 2 3 4 5 6 |  6.1
Spellcasting   | 3 4 5 6 |  6.8
Armour         | 2 4 |  4.0
Fighting       | 2 3 5 |  5.7
Dodging        | 2 3 4 |  4.7
Evocations     | 1 3 4 |  4.7
Air Magic      | 3 5 6 |  6.1
Fire Magic     | 7 8 |  8.3
Stealth        | |  2.1
Transmutations | |  0.7

Action                   |  1- 3 |  4- 6 |  7- 9 | 10-12 || total
-------------------------+-------+-------+-------+-------++-------
Melee: Spear             |    60 |       |       |       ||    60
       Whip              |    32 |    93 |   119 |   102 ||   346
       Unarmed           |       |       |       |    23 ||    23
 Cast: Sandblast         |    11 |    30 |    43 |   114 ||   198
       Stone Arrow       |       |       |    47 |   212 ||   259
       Foxfire           |       |       |       |    19 ||    19
       Airstrike         |       |       |       |     1 ||     1
  Use: Scroll            |       |       |       |    11 ||    11
       Potion            |       |       |       |     5 ||     5
 Stab: Sleeping          |     6 |     5 |     2 |       ||    13
Armor: Robe              |    19 |    45 |    22 |       ||    86
       Steam dragon scal |       |       |    53 |   168 ||   221
Dodge: Dodged            |    46 |    42 |   114 |   213 ||   415
